 Dungeon Crawl Stone Soup version 0.31-a0-1134-gb247575874 (webtiles) character file.

Game seed: 10787996482245580043

121863 Dirtsage the Metallomancer (level 16, -2/106 HPs)
             Began as a Gargoyle Earth Elementalist on Dec 5, 2023.
             Was the Champion of Vehumet.
             Slain by a spark wasp (8 damage)
             ... on level 2 of the Spider Nest.
             The game lasted 01:41:51 (28079 turns).

Dirtsage the Metallomancer (GrEE)                  Turns: 28079, Time: 01:41:51

Health: -2/106     AC: 29    Str: 11 (14) XL:     16   Next: 86%
Magic:  0/33       EV: 11    Int: 35 (37) God:    Vehumet [******]
Gold:   1627       SH:  0    Dex:  9 (12) Spells: 10/41 levels left

rFire   + + .        T - +10 flail of Zenerchai {vamp, rF+ rC+ rCorr Dex+2 Stlth-}
rCold   + . .        (no shield)
rNeg    + . .        y - +3 leather armour {rF+}
rPois   ∞            X - +2 helmet {Int+3}
rElec   +            x - +0 cloak
rCorr   +            p - +1 pair of gloves
SInv    .            Q - +0 pair of boots
Will    +....        K - amulet of the acrobat Stlth
                     P - +6 ring of intelligence
HPRegen 0.37/turn    N - +6 ring of intelligence
MPRegen 0.23/turn

%: acrobat
@: flying, studying Long Blades
A: sickness immunity, AC +12, big wings, negative energy resistance 1,
electricity resistance, torment resistance 1, petrification resistance,
iridescent scales 2, wild magic 1
a: Renounce Religion


You were on level 2 of the Spider Nest.
You worshipped Vehumet.
Vehumet was exalted by your worship.
You visited 5 branches of the dungeon, and saw 25 of its levels.
You also visited: Ossuary, Bailey and Ice Cave.

You collected 2631 gold pieces.
You spent 1004 gold pieces at shops.

Inventory:

Hand Weapons
 T - the +10 flail of Zenerchai (weapon) {vamp, rF+ rC+ rCorr Dex+2 Stlth-}
   (You found it on level 9 of the Dungeon)

   Dex+2:     It affects your dexterity (+2).
   rF+:       It protects you from fire.
   rC+:       It protects you from cold.
   rCorr:     It protects you from acid and corrosion.
   Stlth-:    It makes you less stealthy.
Armour
 a - the +1 pair of gloves of Fugruk {*Slow rPois rN+ Slay+5}
   (You found it on level 11 of the Dungeon)

   Slay+5:    It affects your accuracy & damage with ranged weapons and melee
   (+5).
   rPois:     It protects you from poison rN+: It protects you from negative
   energy.
   *Slow:     It may slow you when you take damage.
 i - a +0 kite shield of reflection
 p - a +1 pair of gloves (worn)
 x - a +0 cloak (worn)
 y - a +3 leather armour of fire resistance (worn)
 Q - a +0 pair of boots (worn)
 X - a +2 helmet of intelligence (worn)
Magical Staves
 W - a staff of earth
Jewellery
 A - a ring of magical power
 F - a ring of protection from fire
 I - a ring of protection from cold
 K - an amulet of the acrobat (around neck)
 M - a ring of fire
 N - a +6 ring of intelligence (right hand)
 P - a +6 ring of intelligence (left hand)
Wands
 e - a wand of iceblast (6)
 n - a wand of acid (17)
 J - a wand of polymorph (8)
 L - a wand of flame (39)
 V - a wand of paralysis (13)
Scrolls
 c - 3 scrolls of silence
 g - 6 scrolls of fear
 h - 5 scrolls of enchant armour
 j - 2 scrolls of noise
 m - 2 scrolls of immolation
 o - 3 scrolls of amnesia
 r - 4 scrolls of fog
 s - 2 scrolls of revelation
 t - 6 scrolls of teleportation
 z - 2 scrolls of vulnerability
 B - 3 scrolls of blinking
 G - 5 scrolls of poison
 O - a scroll of brand weapon
 R - 2 scrolls of butterflies
 U - a scroll of torment {unknown}
 Z - a scroll of enchant weapon {unknown}
Potions
 b - 2 potions of magic
 d - 2 potions of might
 f - 7 potions of attraction
 l - 4 potions of heal wounds
 q - 4 potions of curing
 u - 5 potions of haste {unknown}
 v - 6 potions of mutation
 w - 2 potions of ambrosia
 C - 4 potions of lignification
 D - 5 potions of cancellation
 E - 3 potions of brilliance
 H - a potion of enlightenment
 Y - 2 potions of berserk rage
Miscellaneous
 k - a phial of floods
 S - a phantom mirror


   Skills:
 + Level 14.0 Fighting
 - Level 7.7 Maces & Flails
 - Level 1.5 Dodging
 - Level 2.1 Stealth
 * Level 7.7 Shields
 + Level 13.1 Spellcasting
 - Level 8.0 Conjurations
 - Level 0.7 Transmutations
 * Level 22.8 Earth Magic


You had 10 spell levels left.
You knew the following spells:

 Your Spells              Type           Power      Damage    Failure   Level
a - Sandblast             Erth           100%       2d20      1%          1
b - Bombard               Conj/Erth      53%        9d9       1%          6
c - Shatter               Erth           63%        3d47*     8%          9
d - Wereblood             Tmut           36%        N/A       4%          2
f - Fireball              Conj/Fire      30%        3d13      5%          5
x - Stone Arrow           Conj/Erth      100%       3d13      1%          3
z - Lee's Rapid Deconstr  Erth           63%        3d29*     1%          5

Your spell library contained the following spells:

 Spells                   Type           Power      Damage    Failure   Level
 Spellforged Servitor     Conj/Summ      30%        N/A       71%         7
 Foxfire                  Conj/Fire      100%       2x1d9     1%          1
 Kiss of Death            Conj/Necr      100%       2d13      1%          1
 Magic Dart               Conj           100%       1d8       1%          1
 Shock                    Conj/Air       100%       1d9       1%          1
 Passwall                 Tmut/Erth      79%        N/A       1%          2
 Searing Ray              Conj           100%       2d8       1%          2
 Dazzling Flash           Conj/Hex       100%       N/A       1%          3
 Brom's Barrelling Bould  Conj/Erth      100%       2d11      1%          4
 Leda's Liquefaction      Hex/Erth       46%        N/A       1%          4
 Petrify                  Tmut/Erth      95%        N/A       1%          4
 Iskenderun's Battlesphe  Conj           80%        2d13      1%          5
 Fulminant Prism          Conj/Hex       30%        3d15      2%          4
 Iskenderun's Mystic Bla  Conj/Tloc      61%        2d13      2%          4
 Frozen Ramparts          Ice            58%        1d9       3%          3
 Volatile Blastmotes      Fire/Tloc      58%        2d14      3%          3
 Summon Small Mammal      Summ           100%       N/A       4%          1
 Irradiate                Conj/Tmut      31%        3d22      4%          5
 Airstrike                Air            14%        2d(3-19)  9%          4
 Call Canine Familiar     Summ           29%        N/A       11%         3
 Confusing Touch          Hex            29%        N/A       11%         3
 Summon Guardian Golem    Hex/Summ       29%        N/A       11%         3
 Swiftness                Air            29%        N/A       11%         3
 Tukima's Dance           Hex            29%        N/A       11%         3
 Conjure Ball Lightning   Conj/Air       30%        3x3d10    22%         6
 Starburst                Conj/Fire      30%        6d9       22%         6
 Orb of Destruction       Conj           40%        9d11      24%         7
 Animate Dead             Necr           29%        N/A       32%         4
 Cause Fear               Hex            14%        N/A       32%         4
 Dimensional Bullseye     Hex/Tloc       14%        N/A       32%         4
 Dispel Undead            Necr           29%        3d13      32%         4
 Metabolic Englaciation   Hex/Ice        14%        N/A       63%         5
 Plasma Beam              Fire/Air       14%        2x1d25    69%         6
 Haunt                    Necr/Summ      14%        N/A       100%        7
 Infestation              Necr           14%        N/A       100%        8
 Maxwell's Capacitive Co  Air            14%        ∞         100%        8
 Dragon's Call            Summ           14%        N/A       100%        9
 Sublimation of Blood     Necr           Unusable   N/A       N/A         2

Dungeon Overview and Level Annotations

Branches:
Dungeon (15/15)            Temple (1/1) D:5            Lair (5/5) D:9
 Shoals (0/4) Lair:2       Spider (2/4) Lair:2        Slime (0/5) Lair:5
    Orc (2/2) D:11            Elf (0/3) Orc:2        Vaults (0/5) D:13
 Depths (0/4) D:15        Ossuary (visited)          Bailey (visited)
  IceCv (visited)

Altars:
Ashenzari
Cheibriados
Dithmenos
Elyvilon
Fedhas
Gozag
Hepliaklqana
Kikubaaqudgha
Makhleb
Nemelex Xobeh
Okawaru
Qazlal
Ru
Sif Muna
Trog
Uskayaw
Vehumet
Wu Jian
Xom
Yredelemnul
Zin
The Shining One

Shops:
D:1 :   Orc:1 *   Orc:2 (=!*

Annotations:
D:10 6 transporters
Lair:2 3 runed translucent doors, Hegi's ghost, journeyman TrSh
Lair:3 3 runed translucent doors, GrimJard's ghost, journeyman MiFi
Spider:2 3 runed translucent doors, Dirtsage's ghost, adept GrEE


Innate Abilities, Weirdness & Mutations

You are immune to sickness and miasma.
Your stone body is resilient. (AC +12)
You are immune to poison.
Your large and strong wings let you fly.
You resist negative energy. (rN+)
You are resistant to electric shocks. (rElec)
You are resistant to unholy torment.
You are immune to petrification.
You are mostly covered in iridescent scales. (AC +4)
Your spells are a little harder to cast, but a little more powerful.


Message History

You start resting.
A spark wasp is nearby!
You regained 2 hp, and now have 48/106 hp.
A spark wasp is nearby!
Your primal bloodlust is almost over.
You hit the spark wasp.
The spark wasp is lightly wounded.
The spark wasp stings you but does no damage.
The spark wasp stings you! The spark wasp shocks you. You resist.
You take 14 damage, and have 36/106 hp.
Casting: Wereblood (safe; 4% risk of failure)
Confirm with . or Enter, or press ? or * to list all spells.
Aiming: Stone Arrow (safe; 1% risk of failure)
Press: ? - help, Shift-Dir - straight line, f - spark wasp
Aim: a spark wasp (lightly wounded, 66% to hit)
Okay, then.
Aiming: Sandblast (safe; 1% risk of failure)
Press: ? - help, Q - select action, (/) - cycle Shift-Dir - straight line, f - spark wasp
Aim: a spark wasp (lightly wounded, 78% to hit)
Okay, then.
You barely miss the spark wasp.
The spark wasp is lightly wounded.
The spark wasp stings you. The spark wasp shocks you. You resist.
* * * LOW HITPOINT WARNING * * *
You feel you are being watched by something.
You feel your power leaking away.
You feel you are being watched by something.
You take 8 damage, and have 28/106 hp.
You now have 0/33 mp.
Casting: Sandblast (safe; 1% risk of failure)
Confirm with . or Enter, or press ? or * to list all spells.
You don't have enough magic to cast this spell.
Unknown command.
Your primal bloodlust has ended.
The spark wasp stings you!
* * * LOW HITPOINT WARNING * * *
The spark wasp shocks you. You resist.
* * * LOW HITPOINT WARNING * * *
You feel you are being watched by something. x2
The spark wasp stings you!
You die...

##....#...
####....#...#.........
#.......#...##...†....
#...........W.....†...
###.....................
#.^.................##..
#...[...........###.....
#..........# ###.......
#....@y..# .........s
##^.#...## ..........
####.### .......#.. ###
..^...##s. ####.##..s
##..###.... #..........
#.......... #.#........


You could see a spark wasp and Dirtsage's ghost.

Vanquished Creatures
  Kirke (D:13)
  Donald (Orc:2)
  An emperor scorpion (Spider:2)
  A ghost moth (Spider:1)
  A broodmother (Spider:2)
  A reaper (IceCv)
  A stone giant (D:15)
  The ghost of crawlacc the Fighter, a journeyman DsBe of Trog (Spider:1)
  Snorg (Orc:1)
  Josephine (D:12)
  An entropy weaver (Spider:1)
  A fire dragon (Lair:5)
  Harold (D:10)
  5 hydras
  5 catoblepae
  2 jorogumos (Spider:2)
  A death knight (D:11)
  5 two-headed ogres
  4 centaur warriors
  2 ogre magi
  4 boulder beetles
  3 tengu warriors (D:15)
  3 death yaks (Lair:2)
  3 orc high priests (Orc:2)
  Urug (D:13)
  8 skeletal warriors
  2 skysharks
  3 pharaoh ants
  3 orb spiders
  2 arcanists
  A lindwurm (Lair:5)
  9 orc knights
  A deep elf pyromancer (D:14)
  4 steelbarb worms (Spider:1)
  5 manticores
  7 wolf spiders
  Maurice (Orc:1)
  8 cyclopes
  2 orc sorcerers (Orc:2)
  8 ugly things
  14 elephants
  A moth of wrath (Spider:1)
  2 ice statues (IceCv)
  5 kobold blastminers
  A torpor snail (Spider:1)
  8 black mambas
  3 molten gargoyles (Lair:5)
  A gargoyle (D:12)
  14 cane toads
  2 kobold demonologists (D:9)
  An unseen horror (D:12)
  3 freezing wraiths
  5 tengu conjurers
  4 rime drakes
  17 komodo dragons
  4 ice devils (IceCv)
  7 trolls
  A wind drake (shapeshifter) (D:14)
  3 hornets
  12 tarantellas
  A snapping turtle (Lair:2)
  15 blink frogs
  6 culicivoras
  3 shadows
  Sigmund (D:4)
  13 slime creatures
  A vampire (D:10)
  5 jumping spiders
  2 water elementals
  7 wraiths
  12 wyverns
  24 yaks
  6 basilisks
  4 hogs (D:13)
  13 redbacks
  A death yak simulacrum (IceCv)
  17 vampire mosquitoes
  2 steam dragons
  3 wargs
  2 acid dragons (D:12)
  4 hell hounds (Lair:5)
  21 water moccasins
  A hydra simulacrum (IceCv)
  2 ice beasts
  2 sky beasts (D:7)
  4 black bears
  3 ogres
  15 orc warriors
  15 wolves
  7 centaurs
  Blork the orc (D:6)
  5 kobold brigands
  11 bullfrogs
  5 gnoll sergeants
  2 scorpions (D:7)
  2 cane toad simulacra (IceCv)
  3 water moccasin zombies (Ossuary)
  2 two-headed ogre simulacra (IceCv)
  5 wights
  8 killer bees
  2 elephant simulacra (IceCv)
  3 howler monkeys (D:11)
  3 electric eels (Lair:1)
  5 lava snakes (Lair:5)
  An iron imp (D:9)
  6 jellies
  5 hounds
  11 orc priests
  Jessica (D:2)
  3 iguanas (D:6)
  26 orc wizards
  A sleepcap (D:7)
  12 hell rats
  3 troll simulacra (IceCv)
  3 polar bear simulacra (IceCv)
  2 mummies (Ossuary)
  7 adders
  18 gnolls
  2 naga simulacra (IceCv)
  6 white imps
  2 ufetubi (IceCv)
  3 adder zombies (Ossuary)
  3 worms
  2 dart slugs
  112 orcs
  6 ball pythons
  4 bats
  3 endoplasms
  2 giant cockroaches (D:3)
  5 gnoll zombies (Ossuary)
  7 goblins
  6 hobgoblins
  3 quokkas
  4 frilled lizards
  11 hobgoblin zombies (Ossuary)
  25 kobolds
  4 kobold zombies (Ossuary)
  4 orc zombies (Ossuary)
  3 rats (D:3)
808 creatures vanquished.

Vanquished Creatures (others)
  The ghost of Takeo the Zephyrmancer, a journeyman DrIE of Vehumet (Lair:1)
  A human (D:13)
2 creatures vanquished.

Grand Total: 810 creatures vanquished

Notes
Turn   | Place    | Note
-------+----------+-------------------------------------------
     0 | D:1      | Dirtsage the Gargoyle Earth Elementalist began the quest
                  | for the Orb.
     0 | D:1      | Reached XP level 1. HP: 10/10 MP: 3/3
   240 | D:1      | Reached XP level 2. HP: 14/16 MP: 5/5
   334 | D:1      | Found Xoixeytwiuto's Book Shop.
   427 | D:1      | Reached skill level 1 in Conjurations
   557 | D:1      | Found a faded altar of an unknown god.
   858 | D:2      | Reached skill level 4 in Earth Magic
   989 | D:2      | Reached XP level 3. HP: 20/20 MP: 1/6
   999 | D:2      | Learned a level 3 spell: Stone Arrow
  1070 | D:2      | Reached skill level 1 in Fighting
  1095 | D:2      | Found a white marble altar of Elyvilon.
  1250 | D:2      | Noticed Jessica
  1257 | D:2      | Killed Jessica
  1258 | D:2      | Reached XP level 4. HP: 18/25 MP: 1/7
  1817 | D:3      | Reached XP level 5. HP: 20/29 MP: 1/8
  2101 | D:3      | Reached skill level 5 in Earth Magic
  2724 | D:4      | Noticed Sigmund
  2803 | D:4      | Noticed a black bear
  2805 | D:4      | Reached XP level 6. HP: 35/35 MP: 8/10
  2807 | D:4      | Killed a black bear
  2893 | D:4      | Reached skill level 6 in Earth Magic
  2988 | D:4      | Killed Sigmund
  2989 | D:4      | Reached XP level 7. HP: 41/41 MP: 9/12
  3370 | D:5      | Entered Level 5 of the Dungeon
  3548 | D:5      | Reached skill level 7 in Earth Magic
  3567 | D:5      | Found a sand-covered staircase.
  3571 | Ossuary  | Entered an ossuary
  3786 | Ossuary  | Reached XP level 8. HP: 44/48 MP: 11/13
  4067 | D:5      | Found a shimmering altar of Xom.
  4067 | D:5      | Found a stormy altar of Qazlal.
  4095 | D:5      | Found a staircase to the Ecumenical Temple.
  4125 | Temple   | Entered the Ecumenical Temple
  4136 | Temple   | Became a worshipper of Vehumet
  4385 | D:5      | Found a glowing golden altar of the Shining One.
  4660 | D:6      | Reached skill level 8 in Earth Magic
  4792 | D:6      | Reached skill level 5 in Conjurations
  5221 | D:6      | Noticed Blork the orc
  5223 | D:6      | Killed Blork the orc
  5497 | D:6      | Reached skill level 5 in Fighting
  5497 | D:6      | Reached skill level 9 in Earth Magic
  5553 | D:6      | Reached * piety under Vehumet
  5553 | D:6      | Offered knowledge of Freeze by Vehumet.
  5575 | D:6      | Found a glowing silver altar of Zin.
  5575 | D:6      | Noticed an angel
  5650 | D:6      | Reached XP level 9. HP: 46/54 MP: 16/16
  5700 | D:7      | Noticed a hornet
  5749 | D:7      | Killed a hornet
  5750 | D:7      | Reached skill level 5 in Spellcasting
  6015 | D:7      | Found a burning altar of Makhleb.
  6015 | D:7      | Found a hide-covered altar of Uskayaw.
  6022 | D:7      | Found a shadowy altar of Dithmenos.
  6024 | D:7      | Found a shimmering blue altar of Sif Muna.
  6026 | D:7      | Found a hazy altar of Hepliaklqana.
  6085 | D:7      | Found a sparkling altar of Nemelex Xobeh.
  6181 | D:7      | Reached skill level 10 in Earth Magic
  6350 | D:7      | Reached ** piety under Vehumet
  6350 | D:7      | Offered knowledge of Foxfire by Vehumet.
  6714 | D:8      | Found a hazy altar of Hepliaklqana.
  6714 | D:8      | Noticed a hornet
  6721 | D:8      | Reached skill level 11 in Earth Magic
  6721 | D:8      | Reached XP level 10. HP: 61/61 MP: 14/18
  7474 | D:9      | Offered knowledge of Hailstorm by Vehumet.
  7603 | D:9      | Reached skill level 12 in Earth Magic
  7603 | D:9      | Found a staircase to the Lair.
  7688 | D:9      | Noticed a cyclops
  7710 | D:9      | Reached *** piety under Vehumet
  7847 | D:9      | Found a snail-covered altar of Cheibriados.
  8009 | D:9      | Found a broken altar of Ashenzari.
  8010 | D:9      | Noticed a kobold demonologist
  8015 | D:9      | Noticed a kobold demonologist
  8022 | D:9      | Killed a kobold demonologist
  8026 | D:9      | Killed a kobold demonologist
  8065 | D:9      | Offered knowledge of Iskenderun's Mystic Blast by Vehumet.
  8158 | D:9      | Identified the +10 flail of Zenerchai {vamp, rF+ rC+ rCorr
                  | Dex+2 Stlth-}
  8207 | D:9      | Killed a cyclops
  8208 | D:9      | Reached skill level 1 in Maces & Flails
  8208 | D:9      | Reached XP level 11. HP: 68/68 MP: 15/21
  8399 | D:1      | Bought the Book of Inconstant Detritus for 528 gold pieces
  8405 | D:1      | Learned a level 5 spell: Lee's Rapid Deconstruction
  8594 | Lair:1   | Entered Level 1 of the Lair of Beasts
  8878 | Lair:1   | Reached skill level 13 in Earth Magic
  9081 | Lair:1   | Noticed Takeo's ghost (journeyman DrIE)
  9089 | Lair:1   | Found a runed translucent gate.
  9089 | Lair:1   | Found a runed translucent gate.
  9089 | Lair:1   | Found a runed translucent gate.
  9603 | Lair:1   | Noticed a catoblepas
  9621 | Lair:1   | Killed a catoblepas
 10164 | Lair:1   | Gained mutation: You are partially covered in iridescent
                  | scales. (AC +2) [potion of mutation]
 10164 | Lair:1   | Gained mutation: You are mostly covered in iridescent
                  | scales. (AC +4) [potion of mutation]
 10164 | Lair:1   | Gained mutation: Your spells are a little harder to cast,
                  | but a little more powerful. [potion of mutation]
 10167 | Lair:1   | Killed Takeo's ghost
 10176 | Lair:1   | Reached skill level 14 in Earth Magic
 10500 | Lair:2   | Reached skill level 5 in Maces & Flails
 10505 | Lair:2   | Reached **** piety under Vehumet
 10534 | Lair:2   | Reached XP level 12. HP: 32/76 MP: 5/23
 10732 | Lair:2   | Found a hole to the Spider Nest.
 10767 | Lair:2   | Noticed an eight-headed hydra
 10770 | Lair:2   | Killed an eight-headed hydra
 10843 | Lair:2   | Offered knowledge of Fireball by Vehumet.
 11023 | Lair:2   | Found a runed translucent gate.
 11023 | Lair:2   | Found a runed translucent gate.
 11023 | Lair:2   | Found a runed translucent gate.
 11025 | Lair:2   | Noticed Hegi's ghost (journeyman TrSh)
 11115 | Lair:2   | Noticed a death yak
 11118 | Lair:2   | Noticed a death yak
 11118 | Lair:2   | Noticed a death yak
 11147 | Lair:2   | Killed a death yak
 11151 | Lair:2   | Killed a death yak
 11274 | Lair:2   | Learned a level 5 spell: Fireball
 11331 | Lair:2   | Reached skill level 15 in Earth Magic
 11472 | Lair:2   | Found a staircase to the Shoals.
 11592 | Lair:2   | Noticed a death yak
 11595 | Lair:2   | Noticed a death yak
 11603 | Lair:2   | Killed a death yak
 11931 | Lair:4   | HP: 3/77 [hell rat (3)]
 12365 | Lair:4   | Noticed a skyshark
 12372 | Lair:4   | Killed a skyshark
 12460 | Lair:3   | Noticed a four-headed hydra
 12643 | Lair:4   | Noticed a catoblepas
 12662 | Lair:4   | Killed a catoblepas
 12663 | Lair:4   | Reached skill level 10 in Fighting
 12733 | Lair:4   | Reached XP level 13. HP: 69/82 MP: 25/25
 12883 | Lair:4   | Reached skill level 16 in Earth Magic
 12955 | Lair:4   | Reached ***** piety under Vehumet
 12955 | Lair:4   | Offered knowledge of Bombard by Vehumet.
 12966 | Lair:4   | Learned a level 6 spell: Bombard
 13470 | Lair:5   | Entered Level 5 of the Lair of Beasts
 13791 | Lair:3   | Noticed GrimJard's ghost (journeyman MiFi)
 13793 | Lair:3   | Noticed a minotaur
 13997 | Lair:3   | Found a runed translucent gate.
 14019 | Lair:3   | Found a runed translucent gate.
 14020 | Lair:3   | Found a runed translucent gate.
 14328 | Lair:3   | Reached skill level 17 in Earth Magic
 15406 | Lair:5   | Found a staircase to the Slime Pits.
 15456 | Lair:5   | Reached skill level 10 in Spellcasting
 15628 | Lair:5   | Reached skill level 18 in Earth Magic
 15655 | Lair:5   | Gained mutation: Your large and strong wings let you fly.
                  | [Gargoyle growth]
 15655 | Lair:5   | Reached XP level 14. HP: 50/91 MP: 28/28
 16225 | Lair:5   | Found a large runed translucent door.
 16225 | Lair:5   | Found a large runed translucent door.
 16981 | Lair:5   | Identified the orb "Usounig" {light, -Cast rPois rN+}
 17233 | D:9      | Learned a level 9 spell: Shatter
 17520 | D:10     | Entered Level 10 of the Dungeon
 17569 | D:10     | Found an ornate altar of the Wu Jian Council.
 17684 | D:10     | Noticed Harold
 17705 | D:10     | Killed Harold
 17726 | D:10     | Found a transporter.
 17729 | D:10     | Found a transporter.
 17868 | D:10     | Found a transporter.
 17868 | D:10     | Found a transporter.
 18027 | D:10     | Found a flagged portal.
 18080 | Bailey   | Entered a bailey
 18280 | Bailey   | Offered knowledge of Conjure Ball Lightning by Vehumet.
 18898 | D:10     | Found a transporter.
 18901 | D:10     | Found a transporter.
 19087 | D:11     | Reached skill level 19 in Earth Magic
 19578 | D:11     | Found a staircase to the Orcish Mines.
 19715 | D:11     | Identified the +1 pair of gloves of Fugruk {*Slow rPois rN+
                  | Slay+5}
 20096 | D:11     | Identified the +4 scale mail of Defence {rC- rN+ Will-
                  | rCorr Str+5}
 20716 | D:12     | Noticed Josephine
 20726 | D:12     | Killed Josephine
 20727 | D:12     | Reached skill level 20 in Earth Magic
 20812 | D:12     | Found a frozen archway.
 20873 | IceCv    | Entered an ice cave
 20994 | IceCv    | Reached XP level 15. HP: 89/97 MP: 19/30
 21154 | IceCv    | Offered knowledge of Eringya's Noxious Bog by Vehumet.
 21512 | D:12     | Identified the +7 trident of Dim Light {drain, rN+ Str+3
                  | Dex-2}
 22205 | D:13     | Reached ****** piety under Vehumet
 22351 | D:13     | Noticed Kirke
 22356 | D:13     | Reached skill level 1 in Shields
 22357 | D:13     | Killed Kirke
 22384 | D:13     | Noticed Urug
 22385 | D:13     | Killed Urug
 22400 | D:13     | Reached skill level 21 in Earth Magic
 22975 | D:13     | Found a gate to the Vaults.
 24270 | D:15     | Entered Level 15 of the Dungeon
 24541 | D:15     | Offered knowledge of Ozocubu's Refrigeration by Vehumet.
 24750 | D:15     | Found a shimmering blue altar of Sif Muna.
 24945 | D:15     | Reached XP level 16. HP: 83/104 MP: 10/32
 25079 | D:15     | Found a staircase to the Depths.
 25369 | Orc:1    | Entered Level 1 of the Orcish Mines
 25373 | Orc:1    | Noticed Snorg
 25378 | Orc:1    | Killed Snorg
 25411 | Orc:1    | Reached skill level 5 in Shields
 25446 | Orc:1    | Reached skill level 22 in Earth Magic
 25450 | Orc:1    | Noticed Maurice
 25455 | Orc:1    | Killed Maurice
 25558 | Orc:1    | Found Racim's Assorted Antiques.
 25566 | Orc:1    | Bought a scroll of teleportation for 60 gold pieces
 25566 | Orc:1    | Bought a scroll of teleportation for 60 gold pieces
 25566 | Orc:1    | Bought a scroll of teleportation for 60 gold pieces
 25694 | Orc:2    | Entered Level 2 of the Orcish Mines
 26147 | Orc:2    | Paralysed by an orc sorcerer for 5 turns
 26158 | Orc:2    | Offered knowledge of Spellforged Servitor by Vehumet.
 26364 | Orc:2    | Noticed Donald
 26366 | Orc:2    | Killed Donald
 26412 | Orc:2    | Found a staircase to the Elven Halls.
 26545 | Orc:2    | Found Fiuvurgh's Weapon Shoppe.
 26545 | Orc:2    | Found Huliu's Assorted Antiques.
 26547 | Orc:2    | Found Mukkicwimm's Jewellery Shoppe.
 26547 | Orc:2    | Found Led Ojom's Distillery.
 26556 | Orc:2    | Bought a potion of heal wounds for 65 gold pieces
 26556 | Orc:2    | Bought a potion of lignification for 39 gold pieces
 26556 | Orc:2    | Bought a potion of mutation for 104 gold pieces
 26558 | Orc:2    | Bought a scroll of teleportation for 66 gold pieces
 26558 | Orc:2    | Bought a scroll labelled CEIGOKY TUILUN for 22 gold pieces
 26816 | Spider:1 | Entered Level 1 of the Spider Nest
 26870 | Spider:1 | Learned a level 2 spell: Wereblood
 26997 | Spider:1 | Found a runed translucent gate.
 26997 | Spider:1 | Found a runed translucent gate.
 26997 | Spider:1 | Found a runed translucent gate.
 26999 | Spider:1 | Noticed crawlacc's ghost (journeyman DsBe)
 27048 | Spider:1 | Killed crawlacc's ghost
 27195 | Spider:1 | Identified the +0 hat of the Armoured One {Dex+3}
 27887 | Spider:2 | Noticed Dirtsage's ghost (adept GrEE)
 27980 | Spider:2 | Found a runed translucent gate.
 27981 | Spider:2 | Found a runed translucent gate.
 27982 | Spider:2 | Found a runed translucent gate.
 28079 | Spider:2 | Slain by a spark wasp

Illustrated notes

Levels and vault maps discovered:
D:1:      evilmike_arrival_crescent, layout_loops_ring, serial_shops, shop,
          shapermc_ecumenical_altar_gd, chequers_mini_garden
D:2:      minmay_chambers_of_ones, layout_rooms, basic_altar, uniq_jessica
D:3:      layout_loops_ring
D:4:      layout_rooms, uniq_sigmund
D:5:      layout_basic, tso_oasis_becter, gammafunk_temple_overflow_pools,
          minmay_temple_entry_offerings, enter_ossuary_5
D:6:      layout_basic, zin_angel, serial_rivers, chequers_serial_rivers_room_a,
          chequers_serial_rivers_micro_d, chequers_serial_rivers_room_b,
          chequers_serial_rivers_micro_e, uniq_blork_the_orc
D:7:      layout_cave_pools, nemelex_xobeh_ov_fountains_minmay,
          chequers_temple_overflow_minitemple, kb_lookout_dungeons_type,
          minmay_alternating_orb
D:8:      layout_basic, minmay_ruined_shrine
D:9:      layout_irregular_city, slow_altar_1,
          mainiacjoe_overflow_small_starburst, erik_lair_orcish_takeover,
          minmay_radiant
D:10:     layout_gridville, mainiacjoe_overflow_brackets, enter_bailey_2,
          serial_nicolae_subway, nicolae_sub_station_stone,
          nicolae_sub_station_crystal, nicolae_sub_station_metal, uniq_harold
D:11:     minmay_the_grid_four_pointed_star
          [minmay_the_grid_triangle_9x9_windchime,
          minmay_the_grid_triangle_9x9_pentomino_pain,
          minmay_the_grid_triangle_9x9_flanged_cone,
          minmay_the_grid_triangle_9x9_cache, minmay_the_grid_prize_trominoes],
          layout_stronghold, hiddenorc2_lemuel
D:12:     layout_loops_cross, portal_ice_cave_entry_pillars_1,
          grunt_ministairs_13, uniq_josephine
D:13:     layout_rooms, david_vaults_2, water_maze_lemuel, uniq_kirke, uniq_urug
D:14:     layout_stronghold, corexii_corridor_pit
D:15:     grunt_enter_depths_snipers, layout_cave_pools, nrook_mini_vaults,
          minivault_20, hellmonk_sif_muna_bookshelves
Temple:   nicolae_temple_figure_zero
Lair:1:   layout_cave_pods, gammafunk_ghost_split, serial_bayou_lake_a,
          lemuel_fruit_tree
Lair:2:   layout_small_grid, minmay_shoals_entry_hut, spider_nest_entry_webs,
          ebering_ghost_rock_garden, grunt_megastairs_1
Lair:3:   layout_misc_corridors, maelrawn_ghost_gauntlet_escape,
          grunt_megastairs_3, serial_bayou_shore_b, infiniplex_staircase_pool
Lair:4:   layout_loops_ring
Lair:5:   cheibrodos_lair_end_hotspot, layout_misc_corridors, slime_entry_1
Spider:1: layout_spider_delve, gammafunk_ghost_tricky_traps
Spider:2: layout_spider_delve, gammafunk_ghost_split
Orc:1:    layout_diamond_mine, serial_shops, shop, uniq_maurice, uniq_snorg
Orc:2:    grunt_orc_tribal_feast, layout_diamond_mine, basic_altar, uniq_donald

Skill      XL: |  1  2  3  4  5  6  7  8  9 10 11 12 13 14 15 16 |
---------------+-------------------------------------------------+-----
Conjurations   | 1 2 3 4 5 6 8 |  8.0
Earth Magic    | 4 5 6 7 9 11 12 14 15 18 20 21 22 | 22.8
Fighting       | 1 2 3 5 6 7 9 10 11 12 13 14 | 14.0
Spellcasting   | 3 4 5 6 7 8 10 11 12 13 | 13.1
Maces & Flails | 1 5 7 |  7.7
Shields        | 4 7 |  7.7
Dodging        | |  1.5
Stealth        | |  2.1
Transmutations | |  0.7

Action                     |  1- 3 |  4- 6 |  7- 9 | 10-12 | 13-15 | 16-18 || total
---------------------------+-------+-------+-------+-------+-------+-------++-------
  Melee: Unarmed           |    11 |       |       |       |       |       ||    11
         Short sword       |    21 |    61 |       |       |       |       ||    82
         Punch             |     1 |       |     6 |     8 |    15 |     2 ||    32
         Dagger            |       |    36 |   264 |       |       |       ||   300
         Rapier            |       |       |    50 |    29 |       |       ||    79
         Flail             |       |       |       |   287 |   873 |   189 ||  1349
   Cast: Sandblast         |    27 |    50 |    77 |    95 |    25 |     9 ||   283
         Stone Arrow       |       |       |    25 |   102 |    56 |     5 ||   188
         Lee's Rapid Decon |       |       |       |    17 |    72 |     1 ||    90
         Bombard           |       |       |       |       |    76 |     8 ||    84
         Shatter           |       |       |       |       |    10 |    25 ||    35
         Fireball          |       |       |       |       |     3 |     1 ||     4
         Wereblood         |       |       |       |       |       |     2 ||     2
  Evoke: Wand              |       |     4 |     1 |       |       |     3 ||     8
    Use: Potion            |       |     2 |       |     7 |       |     4 ||    13
         Scroll            |       |       |     8 |     7 |     8 |     5 ||    28
   Stab: Sleeping          |       |     1 |     3 |       |       |       ||     4
         Distracted        |       |       |     1 |       |       |       ||     1
         Petrified         |       |       |       |     9 |       |       ||     9
 Armour: Robe              |    29 |    84 |    10 |       |       |       ||   123
         Leather armour    |       |       |   233 |   347 |   986 |   361 ||  1927
         Skin              |       |       |       |    32 |       |       ||    32
  Dodge: Dodged            |    19 |    61 |   205 |   290 |   705 |   168 ||  1448
  Block: Kite shield       |       |       |       |       |       |    29 ||    29
         Buckler           |       |       |       |       |       |    21 ||    21

Table legend: (Time is in decaauts)
 A = Elapsed time spent in this place.
 B = Non-inter-level travel time spent in this place.
 C = Inter-level travel time spent in this place.
 D = Time resting spent in this place.
 E = Time spent auto-exploring this place.
 F = Levels seen in this place.
 G = Mean time per level.
                   A        B        C        D        E       F      G
               +--------+--------+--------+--------+--------+-----+--------+
         Total |  28381 |  26507 |   1874 |   3153 |  18068 |  28 | 1013.6 |
       Dungeon |  15618 |  14199 |   1419 |    833 |  10605 |  15 | 1041.2 |
        Temple |     20 |      2 |     18 |      0 |      0 |   1 |   20.0 |
          Lair |   8737 |   8373 |    364 |   1568 |   5274 |   5 | 1747.4 |
   Spider Nest |   1273 |   1261 |     12 |    452 |    530 |   2 |  636.5 |
  Orcish Mines |   1300 |   1241 |     59 |    100 |    892 |   2 |  650.0 |
       Ossuary |    403 |    403 |      0 |      0 |    198 |   1 |  403.0 |
        Bailey |    520 |    520 |      0 |    130 |    286 |   1 |  520.0 |
      Ice Cave |    507 |    507 |      0 |     70 |    283 |   1 |  507.0 |
               +--------+--------+--------+--------+--------+-----+--------+

Top non-repeatable levels by time:
  Lair:5: 2168 daAuts
  Lair:1: 2127 daAuts
  Lair:4: 1907 daAuts
    D:11: 1629 daAuts
  Lair:3: 1315 daAuts
    D:14: 1245 daAuts
  Lair:2: 1218 daAuts
    D:12: 1174 daAuts
    D:10: 1154 daAuts
     D:6: 1133 daAuts
     D:3: 1109 daAuts
     D:9: 1074 daAuts
Spider:1: 1018 daAuts
     D:7: 1016 daAuts
    D:15: 950 daAuts
